 Dungeon Crawl Stone Soup version 0.30-a0-368-g86fb4627a9 (webtiles) character file.

Game seed: 1742491943726505065

198 retardedninja the Shield-Bearer (level 5, -9/47 HPs)
             Began as a Minotaur Fighter on Nov 18, 2022.
             Was a Follower of Qazlal.
             Mangled by a gnoll
             ... wielding a +0 halberd
              (10 damage)
             ... on level 4 of the Dungeon.
             The game lasted 00:04:34 (2685 turns).

retardedninja the Shield-Bearer (Minotaur Fighter)  Turns: 2685, Time: 00:04:35

Health: -9/47      AC:  8    Str: 22    XL:     5   Next: 47%
Magic:  4/4        EV:  9    Int:  5    God:    Qazlal [*.....]
Gold:   169        SH:  6    Dex: 10    Spells: 4/4 levels left

rFire   . . .      SeeInvis .    a - +0 war axe
rCold   x . .      Faith    .    c - +0 buckler
rNeg    . . .      Spirit   .    b - +0 scale mail
rPois   .          Reflect  .    (helmet restricted)
rElec   .          Harm     .    (no cloak)
rCorr   .          Rampage  .    g - +0 pair of gloves
Will    .....      Rage     3%   (no boots)
Stlth   ..........               (no amulet)
HPRegen 0.00/turn                (no ring)
MPRegen 0.09/turn                (no ring)

@: mighty, inhibited regen, hasted, very quick
A: horns 2, retaliatory headbutt, berserk 1, inhibited regeneration, wild magic
1, cold vulnerability 1
a: Renounce Religion


You were on level 4 of the Dungeon.
You worshipped Qazlal.
Qazlal was aware of your devotion.
You visited 1 branch of the dungeon, and saw 4 of its levels.

You collected 169 gold pieces.

Inventory:

Hand Weapons
 a - a +0 war axe (weapon)
Armour
 b - a +0 scale mail (worn)
 c - a +0 buckler (worn)
 g - a +0 pair of gloves (worn)
Jewellery
 o - an amulet of regeneration
Scrolls
 f - 3 scrolls of identify {unknown}
 h - 2 scrolls of summoning {unknown}
 i - a scroll of poison {unknown}
 k - 2 scrolls of vulnerability {unknown}
 l - 2 scrolls of enchant armour {unknown}
 p - a scroll of silence {unknown}
 r - 2 scrolls of teleportation {unknown}
Potions
 e - a potion of flight {unknown}
 j - a potion of haste
 n - a potion of heal wounds {unknown}
 q - a potion of brilliance {unknown}


   Skills:
 + Level 4.8 Fighting
 + Level 4.0 Axes
 + Level 4.8 Armour
 + Level 4.9 Shields


You had 4 spell levels left.
You didn't know any spells.
Your spell library contained the following spells:

 Spells                   Type           Power      Damage    Failure   Level
 Ignite Poison            Fire/Tmut/Pois 0%         N/A       99%         3
 Sticky Flame             Conj/Fire      0%         2d3       100%        4
 Summon Forest            Summ/Tloc      0%         N/A       100%        5
 Summon Mana Viper        Hex/Summ       0%         N/A       100%        5
 Summon Cactus Giant      Summ           0%         N/A       100%        6
 Ignition                 Fire           0%         3d3       100%        8


Dungeon Overview and Level Annotations

Branches:
Dungeon (4/15)
 Temple: D:4-7

Altars:
Hepliaklqana
Qazlal


Innate Abilities, Weirdness & Mutations

You have a pair of horns on your head.
You reflexively headbutt those who attack you in melee.
You sometimes lose your temper in combat.
You do not regenerate when monsters are visible.
Your spells are a little harder to cast, but a little more powerful.
You are vulnerable to cold. (rC-)


Message History

A gnoll comes into view. It is wielding a +0 halberd.
The gnoll shouts!
The gnoll barely misses you.
The gnoll hits you but does no damage. x2
The gnoll barely misses you. The gnoll hits you with a +0 halberd!
The endoplasm barely misses you.
The gnoll hits you with a +2 spear of freezing.
The gnoll freezes you.
You barely miss the gnoll. You hit the endoplasm. You closely miss the gnoll.
You barely miss the gnoll. The gnoll hits you with a +0 whip!
The gnoll hits you with a +2 spear of freezing.
The gnoll freezes you. The gnoll hits you with a +0 halberd!
* * * LOW HITPOINT WARNING * * *
The gnoll hits you but does no damage. The endoplasm freezes you.
You are frozen.
* * * LOW HITPOINT WARNING * * *
You are too injured to fight recklessly!
It was a potion of haste.
You feel yourself speed up. You block the gnoll's attack.
The endoplasm hits you but does no damage.
The gnoll hits you from afar with a +0 halberd!
* * * LOW HITPOINT WARNING * * *
The gnoll hits you with a +2 spear of freezing.
* * * LOW HITPOINT WARNING * * *
The gnoll freezes you.
* * * LOW HITPOINT WARNING * * *
You block the gnoll's attack.
Unknown command.
Okay, then.
It was a potion of mutation.
You feel extremely strange.
You feel vulnerable to cold.
Your regeneration stops near monsters.
You feel a little pissed off.
You feel less in control of your magic.
You barely miss the gnoll. You closely miss the gnoll. x2
You slash the endoplasm!
You kill the endoplasm!
Qazlal accepts your kill. You block the gnoll's attack.
The gnoll hits you from afar with a +0 halberd!
You die...

.# #. ..# ##. ...##..
#. ##
.......#####.....
#.......#.... .##
#......... ...#
#.......###....#
#....#...@gg...#
#....#..gg..##..#
####...##.....##
..........#...#..#
#..# #.......#..#
#..# #..........# ..#
#..........# ##.#
##...........#
##..###..........##..


You could see 4 gnolls.

Vanquished Creatures
  An orc priest (D:3)
  Robin (D:3)
  A gnoll (D:1)
  8 adders
  A worm (D:2)
  4 orcs (D:3)
  8 endoplasms
  4 giant cockroaches
  13 goblins
  4 hobgoblins
  8 ball pythons
  2 bats (D:1)
  4 frilled lizards
  5 kobolds
  7 rats
71 creatures vanquished.

Vanquished Creatures (others)
  A fungus (D:1)
  2 plants (D:1)
3 creatures vanquished.

Grand Total: 74 creatures vanquished

Notes
Turn   | Place    | Note
-------+----------+-------------------------------------------
     0 | D:1      | retardedninja the Minotaur Fighter began the quest for the
                  | Orb.
     0 | D:1      | Reached XP level 1. HP: 19/19 MP: 0/0
   126 | D:1      | Reached XP level 2. HP: 18/27 MP: 1/1
   788 | D:1      | Reached XP level 3. HP: 33/33 MP: 2/2
   898 | D:1      | Found a faded altar of an unknown god.
  1090 | D:2      | Reached XP level 4. HP: 40/40 MP: 3/3
  1518 | D:2      | Found a stormy altar of Qazlal.
  1715 | D:2      | Became a worshipper of Qazlal Stormbringer
  1770 | D:3      | Found a hazy altar of Hepliaklqana.
  1829 | D:3      | Noticed Robin
  1848 | D:3      | Killed Robin
  1849 | D:3      | Reached XP level 5. HP: 25/47 MP: 4/4
  2445 | D:3      | Reached * piety under Qazlal
  2683 | D:4      | HP: 2/47 [gnoll/+2 spear of freezing (1)]
  2684 | D:4      | Gained mutation: You are vulnerable to cold. (rC-) [potion
                  | of mutation]
  2684 | D:4      | Gained mutation: You do not regenerate when monsters are
                  | visible. [potion of mutation]
  2684 | D:4      | Gained mutation: You sometimes lose your temper in combat.
                  | [potion of mutation]
  2684 | D:4      | Gained mutation: Your spells are a little harder to cast,
                  | but a little more powerful. [potion of mutation]
  2685 | D:4      | Mangled by a gnoll

Illustrated notes

Levels and vault maps discovered:
D:1:      roderic_octagonal_star, layout_basic,
          shapermc_ecumenical_altar_mp_urbaneastern, minmay_domino_4
D:2:      layout_basic, basic_altar, chequers_serial_rivers_micro_e,
          minmay_worlds_worst_comb
D:3:      layout_rooms, mainiacjoe_overflow_concentric_impassable, st_stairs_14,
          chequers_avenue, uniq_robin
D:4:      layout_layer_cave, gammafunk_temple_overflow_pools,
          nicolae_ru_the_path_less_chosen

Skill      XL: |  1  2  3  4  5 |
---------------+----------------+-----
Shields        | 4 |  4.9
Fighting       | 4 |  4.8
Axes           | 3 4 |  4.0
Armour         | 4 |  4.8

Action                   |  1- 3 |  4- 6 || total
-------------------------+-------+-------++-------
Melee: War axe           |    59 |    76 ||   135
       Headbutt          |    10 |     9 ||    19
  Use: Potion            |       |     3 ||     3
Armor: Scale mail        |    34 |    63 ||    97
Dodge: Dodged            |    25 |    49 ||    74
Block: Buckler           |    10 |    18 ||    28

Table legend: (Time is in decaauts)
 A = Elapsed time spent in this place.
 B = Non-inter-level travel time spent in this place.
 C = Inter-level travel time spent in this place.
 D = Time resting spent in this place.
 E = Time spent auto-exploring this place.
 F = Levels seen in this place.
 G = Mean time per level.
                   A        B        C        D        E       F      G
               +--------+--------+--------+--------+--------+-----+--------+
         Total |   2732 |   2575 |    157 |    283 |   1836 |   4 |  683.0 |
       Dungeon |   2732 |   2575 |    157 |    283 |   1836 |   4 |  683.0 |
               +--------+--------+--------+--------+--------+-----+--------+

Top non-repeatable levels by time:
     D:1: 958 daAuts
     D:3: 914 daAuts
     D:2: 819 daAuts
     D:4: 39 daAuts
